Map: [ESL] Data-C

Players

Neeb - Winner!

  • Race: Protoss Protoss
  • League: Master
  • Spawn Location: 3:00

gumiho

  • Race: Terran Terran
  • Spawn Location: 9:00

Event: HomeStory Cup XXI

VOD

Have the link to the VOD?

Description

Time

  • Played on: July 23, 2022, 10:14 a.m.
  • Length: 10:16

All games in this series

Show
View Real Time Build Order
Export as new Build Order

Neeb Protoss - Winner!

Build Orders: 1 Gate Expand 

Get SALT Encoding   

  12  0:00  Probe  
  13  0:12  Probe  
  14  0:17  Pylon  
  14  0:24  Probe (Chrono Boost)  
  15  0:36  Probe (Chrono Boost)  
  15  0:37  Gateway  
  16  0:44  Probe (Chrono Boost)  
  16  0:46  Assimilator  
  17  0:50  Probe  
  18  1:03  Probe  
  19  1:15  Probe  
  20  1:25  Cybernetics Core  
  20  1:33  Nexus  
  20  1:40  Zealot (Chrono Boost)  
  22  1:48  Pylon  
  22  1:51  Probe  
  23  1:58  Assimilator  
  23  2:06  Stalker (Chrono Boost)  
  23  2:07  Probe  
  25  2:19  Probe  
  25  2:26  Stalker (Chrono Boost)  
  27  2:31  Warp Gate  
  27  2:35  Shield Battery  
  27  2:38  Probe  
  28  2:46  Stalker (Chrono Boost)  
  28  2:51  Probe  
  31  2:58  Probe  
  30  3:03  Probe  
  31  3:10  Probe  
  30  3:15  Probe  
  30  3:19  Stalker  
  31  3:22  Probe (Chrono Boost)  
  32  3:33  Probe (Chrono Boost), Stargate  
  34  3:34  Probe (Chrono Boost)  
  34  3:39  Probe (Chrono Boost)  
  34  3:41  Probe (Chrono Boost)  
  36  3:46  Pylon  
  36  3:49  Sentry, Probe (Chrono Boost)  
  40  3:56  Probe (Chrono Boost)  
  40  4:00  Probe (Chrono Boost)  
  41  4:05  Probe (Chrono Boost), Shield Battery  
  41  4:06  Probe (Chrono Boost)  
  43  4:15  Probe  
  41  4:18  Phoenix (Chrono Boost)  
  41  4:22  Probe  
  42  4:25  Stalker  
  42  4:28  Probe  
  45  4:36  Probe  
  46  4:40  Phoenix (Chrono Boost)  
  46  4:45  Probe  
  49  4:49  Probe  
  49  4:51  Pylon  
  50  4:57  Probe  
  50  4:58  Pylon  
  51  5:01  Probe  
  51  5:03  Phoenix (Chrono Boost)  
  54  5:09  Probe  
  54  5:13  Probe  
  56  5:20  Nexus  
  56  5:23  Probe  
  56  5:25  Probe  
  58  5:30  Twilight Council  
  58  5:34  Phoenix  
  60  5:37  Pylon  
  60  5:52  Gateway  
  60  5:54  Gateway  
  60  5:57  Gateway  
  60  5:58  Gateway  
  60  6:00  Charge (Chrono Boost)  
  60  6:02  Gateway  
  60  6:10  Shield Battery  
  60  6:13  Stalker  
  60  6:17  Phoenix  
  64  6:23  Probe, Shield Battery  
  64  6:24  Probe  
  66  6:37  Zealot  
  68  6:46  Phoenix (Chrono Boost)  
  70  6:47  Zealot  
  70  6:49  Probe x2  
  70  6:50  Probe  
  70  6:53  Zealot x3  
  81  7:01  Probe  
  82  7:02  Zealot x2  
  82  7:05  Pylon x2  
  61  7:08  Phoenix (Chrono Boost)  
  84  7:13  Probe  
  88  7:18  Sentry, Zealot  
  91  7:22  Pylon  
  91  7:23  Pylon, Zealot  
  91  7:25  Pylon  
  91  7:28  Phoenix  
  91  7:29  Zealot  
  97  7:34  Zealot x2  
  95  7:48  Zealot  
  95  7:49  Zealot x2  
  95  7:51  Zealot  
  95  7:58  Zealot x2  
  95  8:01  Phoenix (Chrono Boost), Probe  
  90  8:12  Zealot x4  
  86  8:16  Probe x2  
  86  8:18  Probe  
  89  8:22  Phoenix (Chrono Boost)  
  83  8:28  Probe  
  83  8:31  Zealot x3  
  83  8:33  Probe  
  83  8:34  Probe, Forge  
  88  8:38  Sentry, Zealot x2  
  94  8:42  Gateway  
  94  8:44  Gateway  
  94  8:46  Phoenix  
  94  8:47  Shield Battery  
  96  8:53  Zealot x3  
  102  9:00  Zealot x2  
  106  9:05  Pylon  
  106  9:09  Pylon  
  106  9:11  Phoenix, Zealot  
  106  9:14  Assimilator  
  106  9:15  Assimilator  
  106  9:16  Zealot x2  
  106  9:17  Zealot  
  116  9:22  Pylon  
  116  9:24  Zealot  
  118  9:33  Zealot x2  
  110  9:39  Zealot x3  
  110  9:43  Zealot x2  
  110  9:44  Phoenix  
  72  9:56  Zealot  
  72  9:57  Zealot  
  68  10:02  Zealot x4  
  69  10:10  Zealot x2  
Show
View Real Time Build Order
Export as new Build Order

gumiho Terran 

Build Orders:  

Get SALT Encoding   

  12  0:00  SCV  
  13  0:12  SCV  
  14  0:17  Supply Depot  
  14  0:24  SCV  
  15  0:39  SCV  
  16  0:43  Barracks  
  16  0:46  Refinery  
  16  0:51  SCV  
  16  0:56  Refinery  
  17  1:03  SCV  
  18  1:15  SCV  
  19  1:29  Orbital Command, Reaper  
  20  1:45  Factory  
  20  1:53  Supply Depot  
  20  1:56  Bunker  
  20  1:58  SCV  
  21  2:01  Marine  
  22  2:10  SCV  
  23  2:19  Marine  
  23  2:22  SCV  
  25  2:29  Hellion  
  27  2:34  SCV  
  28  2:37  Marine  
  28  2:42  Supply Depot  
  28  2:43  Starport  
  29  2:48  SCV  
  30  2:55  Marine  
  31  3:04  Hellion, SCV, Supply Depot  
  34  3:16  SCV  
  34  3:25  Medivac  
  34  3:26  Hellion  
  36  3:28  SCV  
  36  3:43  Command Center  
  36  3:46  SCV  
  37  3:53  Factory Tech Lab  
  37  3:54  Barracks  
  37  4:00  SCV  
  38  4:12  Siege Tank  
  41  4:21  SCV  
  42  4:33  SCV  
  43  4:44  Siege Tank  
  46  4:49  SCV  
  46  4:50  Barracks Reactor  
  45  4:57  Barracks  
  45  4:58  Orbital Command, Barracks  
  45  5:00  Engineering Bay  
  45  5:01  SCV  
  44  5:11  Viking  
  44  5:13  SCV  
  47  5:18  Siege Tank  
  47  5:20  Barracks Tech Lab  
  50  5:24  SCV  
  50  5:25  SCV  
  50  5:26  Marine x2, Terran Infantry Weapons Level 1  
  54  5:33  Supply Depot  
  54  5:36  SCV  
  54  5:37  SCV  
  54  5:39  Marine  
  54  5:40  Stimpack  
  54  5:41  Supply Depot  
  57  5:43  Starport Reactor  
  57  5:46  Marine x2  
  57  5:48  Barracks Tech Lab, Barracks Reactor  
  57  5:49  SCV  
  58  5:50  SCV  
  58  5:54  Siege Tank  
  60  5:58  Supply Depot  
  60  5:59  Marine  
  61  6:04  Marine x2  
  61  6:06  Combat Shield  
  61  6:11  Marine  
  64  6:13  SCV x2  
  64  6:17  Marine  
  67  6:19  Refinery  
  67  6:20  Supply Depot  
  67  6:22  Marine  
  67  6:24  Marine x3  
  71  6:28  Marine  
  71  6:30  Medivac  
  74  6:35  Marine  
  74  6:38  SCV x2  
  77  6:40  Marine  
  77  6:41  Marine  
  77  6:42  Marine x2  
  81  6:49  Marine  
  81  6:52  Marine  
  82  6:54  SCV  
  82  6:57  Marine  
  82  6:59  Marine x2  
  82  7:00  Marine  
  82  7:07  SCV x2, Marine  
  85  7:10  Marine  
  85  7:13  Siege Tank  
  85  7:15  Marine  
  89  7:17  Marine x2  
  89  7:18  Marine  
  93  7:25  Marine  
  93  7:26  Medivac x2  
  93  7:27  Supply Depot  
  93  7:28  Marine  
  99  7:33  Marine  
  99  7:35  Marine x3  
  98  7:43  Marine  
  97  7:50  Marine  
  97  7:51  Marine  
  84  7:52  Orbital Command  
  79  8:04  Marine  
  79  8:05  Marine x3  
  71  8:09  Marine x2  
  63  8:17  SCV  
  63  8:18  SCV  
  65  8:22  Marine x2  
  65  8:23  Marine x2  
  62  8:27  Medivac  
  62  8:29  Marine  
  62  8:32  Marine  
  62  8:40  Marine x2  
  62  8:41  Marine x2  
  63  8:47  Marine  
  66  8:49  Marine  
  66  8:58  Marine x2  
  66  8:59  Marine x2  
  70  9:36  Marine  
  70  9:37  Marine  
  70  9:38  Marine x3  
  70  9:39  Marine  
  22  9:54  Marine x2  
  22  9:56  Marine x3  
  22  9:57  Marine  
Tags
 
Add a new tag
Caveats
  • Supply blocks, unpowered buildings, or Contaminate may cause inaccurate times.
  • Supply counts are checked every 10 seconds.